 Seeded DCSS version 0.28-a0-1227-ga9037bb4c8 (webtiles) character file.

Game seed: 11023650935340118060 (custom seed)

145826 wilfster70 the Eclecticist (level 18, -1/124 HPs)
             Began as a Djinni Conjurer on Dec 22, 2021.
             Was the Champion of Makhleb.
             Killed from afar by a shock serpent (23 damage)
             ... with a bolt of electricity
             ... on level 2 of the Snake Pit.
             The game lasted 01:55:51 (30956 turns).

wilfster70 the Eclecticist (Djinni Conjurer)       Turns: 30956, Time: 01:55:52

Health: -1/124     AC: 16    Str: 13    XL:     18   Next: 5%
Gold:   3580       EV: 18    Int: 31    God:    Makhleb [******] SH:  6 Dex: 17

rFire   + . .      SeeInvis +   a - +5 falchion "Beastbane" {vorpal, rC+ Int+4}
rCold   + . .      Faith    .   C - +1 buckler of the Desert {Str+7}
rNeg    . . .      Spirit   .   x - +4 steam dragon scales
rPois   ∞          Reflect  .   F - +2 helmet {SInv}
rElec   .          Harm     .   I - scarf {repulsion}
rCorr   .          Rampage  .   j - +2 pair of gloves
Will    +....                   (boots unavailable)
Stlth   ++++......              l - amulet of regeneration
HPRegen 1.10/turn               p - ring "Qiamiesm" {Ice Dex+4}
MPRegen 0.00/turn               m - ring of Shadows {Umbra +Inv Stlth+}

@: flying, wreathed by umbra, studying Slings, repel missiles
A: sickness immunity, fire resistance 2, cold vulnerability 1, float, innate
caster, hp casting, extra vitality 1
a: Renounce Religion, Evoke Invisibility, Minor Destruction, Lesser Servant of
Makhleb, Major Destruction, Greater Servant of Makhleb


You were on level 2 of the Snake Pit.
You worshipped Makhleb.
Makhleb was exalted by your worship.
You visited 5 branches of the dungeon, and saw 26 of its levels.
You also visited: Bailey and Ice Cave.

You collected 4276 gold pieces.
You spent 696 gold pieces at shops.

Inventory:

Hand Weapons
 a - the +5 falchion "Beastbane" (weapon) {vorpal, rC+ Int+4}
   (You found it on level 7 of the Dungeon)

   It inflicts extra damage upon your enemies.
   Int:       It affects your intelligence (+4).
   rC:        It protects you from cold.
 b - a +9 fustibalus
Missiles
 d - 65 boomerangs
 h - 2 throwing nets
 L - 6 silver javelins
 O - 942 stones
 P - 9 curare-tipped darts
 W - 129 sling bullets
Armour
 j - a +2 pair of gloves (worn)
 o - the +0 robe "Tecy" {+Inv rF- Str+3 Stlth+}
   (You found it on level 5 of the Dungeon)

   Str:       It affects your strength (+3).
   rF:        It makes you vulnerable to fire.
   +Inv:      It lets you turn invisible.
   Stlth:     It makes you more stealthy.
 x - +4 steam dragon scales (worn)
 C - the +1 buckler of the Desert (worn) {Str+7}
   (You acquired it on level 8 of the Dungeon)

   Str:       It affects your strength (+7).
 F - a +2 helmet of see invisible (worn)
 I - a scarf of repulsion (worn)
Jewellery
 l - an amulet of regeneration (around neck)
 m - the ring of Shadows (right hand) {Umbra +Inv Stlth+}
   (You found it on level 9 of the Dungeon)

   [ring of stealth]

   It surrounds you with an aura of shadow, increasing your stealth and reducing
   the accuracy of all others within it.
   +Inv:      It lets you turn invisible.
   Stlth:     It makes you more stealthy.
 p - the ring "Qiamiesm" (left hand) {Ice Dex+4}
   (You found it on level 5 of the Dungeon)

   [ring of ice]

   It enhances your ice magic.
   Dex:       It affects your dexterity (+4).
   rF:        It makes you vulnerable to fire.
   rC:        It protects you from cold.
 H - the ring "Fiucvoix" {rElec EV+4 Str+3 Int+3 SInv}
   (You found it on level 1 of the Lair of Beasts)

   [ring of evasion]

   EV:        It affects your evasion (+4).
   Str:       It affects your strength (+3).
   Int:       It affects your intelligence (+3).
   rElec:     It insulates you from electricity.
   SInv:      It lets you see invisible.
 J - a +4 ring of protection
 M - a ring of resist corrosion
 V - the amulet "Wiatopt" {Acrobat rC+ rN+ Int+3 Dex+3}
   (You found it on level 15 of the Dungeon)

   [amulet of the acrobat]

   It increases your evasion while moving and waiting.
   Int:       It affects your intelligence (+3).
   Dex:       It affects your dexterity (+3).
   rC:        It protects you from cold.
   rN:        It protects you from negative energy.
Wands
 e - a wand of mindburst (7)
 f - a wand of charming (4)
 s - a wand of acid (3)
 y - a wand of paralysis (18)
 B - a wand of polymorph (23)
 D - a wand of flame (15)
 S - a wand of digging (11)
Scrolls
 c - 8 scrolls of blinking
 i - 10 scrolls of fear
 n - 8 scrolls of teleportation
 q - 3 scrolls of holy word
 r - 8 scrolls of identify
 v - a scroll of silence
 E - 3 scrolls of fog
 R - a scroll of magic mapping
 T - a scroll of enchant weapon
Potions
 g - 7 potions of curing
 k - 6 potions of heal wounds
 t - 2 potions of might
 u - a potion of brilliance
 z - 2 potions of mutation
 A - 9 potions of resistance
 G - 3 potions of lignification
 N - a potion of invisibility
 Q - 2 potions of berserk rage
Miscellaneous
 K - a piece from Xom's chessboard (15/15)


   Skills:
 - Level 10.0 Fighting
 - Level 10.0 Long Blades
 + Level 8.4(9.3) Slings
 - Level 6.0(8.1) Throwing
 - Level 6.0 Armour
 - Level 10.0 Dodging
 - Level 1.5 Stealth
 - Level 4.0 Shields
 - Level 15.0 Spellcasting
 - Level 10.0 Invocations
 - Level 10.0 Evocations


You had one spell level left.
You knew the following spells:

 Your Spells              Type           Power      Damage    Failure   Level
a - Magic Dart            Conj           100%       1d8       0%          1
b - Searing Ray           Conj           100%       2d8       0%          2
c - Dazzling Flash        Conj/Hex       100%       N/A       0%          3
d - Fulminant Prism       Conj/Hex       43%        3d20      1%          4
e - Iskenderun's Mystic   Conj/Tloc      86%        2d17      1%          4
f - Shock                 Conj/Air       100%       1d9       0%          1
g - Blink                 Tloc           100%       N/A       0%          2
h - Corpse Rot            Necr/Air       100%       N/A       0%          2
i - Hailstorm             Conj/Ice       100%       3d20      1%          4
j - Silence               Hex/Air        43%        N/A       1%          5
k - Agony                 Necr           86%        N/A       1%          5
l - Iron Shot             Conj/Erth      43%        9d8       1%          6
m - Summon Hydra          Summ           43%        N/A       3%          7
Your spell library was empty.

Dungeon Overview and Level Annotations

Branches:
Dungeon (15/15)            Temple (1/1) D:6            Lair (6/6) D:11
  Swamp (0/4) Lair:4        Snake (2/4) Lair:4        Slime (0/5) Lair:5
    Orc (2/2) D:12            Elf (0/3) Orc:2        Vaults (0/5) D:13
 Depths (0/4) D:15         Bailey (visited)           IceCv (visited)

Altars:
Ashenzari
Cheibriados
Dithmenos
Elyvilon
Fedhas
Kikubaaqudgha
Makhleb
Okawaru
Qazlal
Ru
Sif Muna
Trog
Uskayaw
Vehumet
Wu Jian
Xom
Yredelemnul
Zin
The Shining One
Beogh

Shops:
D:15 [   Orc:1 (   Orc:2 *([(   Snake:1 :=   Snake:2 [

Annotations:
D:10 1 runed translucent door, exclusion: oklob sapling


Innate Abilities, Weirdness & Mutations

You are immune to sickness and miasma.
You are immune to poison.
Your flesh is very heat resistant. (rF++)
You are vulnerable to cold. (rC-)
You float through the air rather than walking.
You learn spells naturally, not from books.
Your magical power is your life essence.
You have superior vitality. (+4 MHP)


Message History

You see here a black mamba corpse.
You start resting.
HP restored.
A shock serpent is nearby!
Casting: Iron Shot (mildly dangerous; 1% risk of failure)
Confirm with . or Enter, or press ? or * to list all spells.
An eight-headed hydra appears.
The shock serpent shoots out a bolt of lightning at you!
The bolt of electricity hits you!!
The shock serpent shoots out a bolt of lightning at you!
The bolt of electricity hits you!!
The shock serpent shoots out a bolt of lightning at you!
The bolt of electricity hits your eight-headed hydra!!
The bolt of electricity misses you.
The shock serpent bites your eight-headed hydra!
The shock serpent shocks your eight-headed hydra!
Your eight-headed hydra misses the shock serpent.
Your eight-headed hydra bites the shock serpent!
The shock serpent's electric aura discharges, shocking your eight-headed hydra!
Your eight-headed hydra bites the shock serpent!
The shock serpent's electric aura discharges, shocking your eight-headed hydra!
Your eight-headed hydra dies!
Your eight-headed hydra's corpse disappears in a puff of smoke!
The shock serpent shoots out a bolt of lightning at you!
The bolt of electricity hits you!
Casting: Summon Hydra (dangerous; 3% risk of failure)
Confirm with . or Enter, or press ? or * to list all spells.
Aiming: Iron Shot (mildly dangerous; 1% risk of failure)
Press: ? - help, Shift-Dir - straight line, f - shock serpent
Aim: a shock serpent (moderately wounded, umbra, 60% to hit)
The iron shot hits the shock serpent!!
The shock serpent is almost dead.
The shock serpent's electric aura discharges, shocking you!
The shock serpent bites you!
* * * LOW HITPOINT WARNING * * *
The shock serpent shocks you!
* * * LOW HITPOINT WARNING * * *
The shock serpent shoots out a bolt of lightning at you!
The bolt of electricity hits you!!
You die...

#...#...# #.....).#
#....)..###### #####
####.........#####
#...# #####.........#
#...#
#....#.....###...###
#....##...÷........##
#.....######....##..#
##..@.# ##........
##..S#### ####.>...
#####...# #....#
#...#...#### ######
########...#..:...#
#................)#
#.....####...##...#
#........#...####.#
###......##### .#


You could see a shock serpent.

Vanquished Creatures
  Saint Roka (Orc:2)
  Gastronok (Lair:2)
  An orc warlord (Bailey)
  The ghost of bluesam3 the Bludgeoner, a journeyman MiBe of Trog (D:15)
  The ghost of Som Pofo the Severer, a journeyman DDGl of Makhleb (Lair:2)
  A dire elephant (D:15)
  Snorg (Orc:1)
  The ghost of Armakuni the Basher, a journeyman HuGl of Elyvilon (D:11)
  A fire dragon (D:15)
  Josephine (Orc:2)
  A vault guard (D:13)
  A boulder beetle (D:15)
  A salamander tyrant (Snake:1)
  11 hydras
  3 catoblepae
  4 ogre magi (Orc:2)
  2 naga warriors (Snake:1)
  5 centaur warriors
  5 death yaks (Lair:6)
  17 two-headed ogres
  6 anacondas
  2 shock serpents (Snake:1)
  2 tengu warriors (D:15)
  Nergalle (Lair:4)
  Urug (D:13)
  A naga sharpshooter (Snake:2)
  A spectral death yak (Lair:4)
  A spectral catoblepas (Lair:4)
  2 salamander mystics
  2 skeletal warriors (D:15)
  3 naga ritualists
  A wizard (D:15)
  A deep elf archer (D:14)
  3 deep elf pyromancers
  A lindwurm (Lair:6)
  4 orc knights
  A wolf spider (D:15)
  A mana viper (Snake:2)
  6 oklob plants (Lair:5)
  3 cyclopes
  2 orc sorcerers
  9 manticores
  10 ugly things
  14 elephants
  5 salamanders
  A guardian serpent (Snake:1)
  22 black mambas
  6 naga magi
  3 ice statues (IceCv)
  A gargoyle (D:11)
  An unseen horror (D:13)
  11 komodo dragons
  20 cane toads
  2 torpor snails
  11 rime drakes
  2 ice devils (Lair:6)
  2 efreet
  A freezing wraith (D:14)
  A kobold demonologist (D:11)
  An anaconda simulacrum (IceCv)
  A meliai (shapeshifter) (D:13)
  A tengu conjurer (D:15)
  2 polar bears
  11 trolls
  3 hornets
  12 blink frogs
  11 dream sheep
  5 slime creatures
  2 spectral black mambas (Lair:4)
  2 shadows
  33 yaks
  A centaur simulacrum (D:14)
  7 wyverns
  4 wraiths
  A dire elephant simulacrum (IceCv)
  Sigmund (D:6)
  A hog (Snake:2)
  18 basilisks
  2 death yak simulacra
  3 steam dragons
  A spectral komodo dragon (Lair:4)
  4 vampire mosquitoes (D:11)
  5 wargs (Orc:1)
  11 nagas
  Duvessa (D:4)
  3 acid dragons
  20 water moccasins
  15 orc warriors
  A meliai simulacrum (D:13)
  A sky beast (D:6)
  2 black bears
  26 ogres
  9 centaurs
  2 phantoms (D:4)
  2 kobold brigands
  A scorpion (D:5)
  8 bullfrogs
  A cane toad simulacrum (IceCv)
  Dowan (D:4)
  An elephant simulacrum (IceCv)
  9 killer bees
  8 wights
  An electric eel (D:15)
  3 howler monkeys
  3 centaur zombies (D:10)
  4 bullfrog skeletons
  8 jellies
  A gnoll shaman (D:7)
  7 orc priests
  5 hounds
  Jessica (D:2)
  Natasha (thrice) (D:2)
  6 iguanas
  10 orc wizards
  6 hell rats
  A polar bear simulacrum (IceCv)
  2 killer bee zombies
  A wolf simulacrum (IceCv)
  A hound zombie (D:5)
  15 gnolls
  10 adders
  An ufetubus (D:6)
  4 worms
  2 dart slugs
  37 orcs
  12 ball pythons
  15 endoplasms
  6 giant cockroaches
  9 goblins
  16 hobgoblins
  9 jackals
  6 quokkas
  3 training dummies (Orc:1)
  4 bats (D:1)
  7 frilled lizards
  30 kobolds
  4 rats
734 creatures vanquished.

Vanquished Creatures (collateral kills)
  Agnes (Snake:1)
  2 anacondas (Snake:1)
  A skeletal warrior (D:15)
  A naga ritualist (Snake:1)
  A manticore (D:15)
  A salamander (Snake:1)
  7 black mambas (Snake:1)
  A guardian serpent (Snake:1)
  A naga mage (Snake:1)
  A slime creature (D:15)
  A centaur (D:14)
18 creatures vanquished.

Vanquished Creatures (others)
  An orc (D:8)
  A hobgoblin (D:4)
  13 fulminant prisms
  28 fungi
  49 plants
  6 toadstools (D:5)
98 creatures vanquished.

Grand Total: 850 creatures vanquished

Notes
Turn   | Place    | Note
-------+----------+-------------------------------------------
     0 | D:1      | wilfster70 the Djinni Conjurer began the quest for the Orb.
     0 | D:1      | Reached XP level 1. HP: 15/15 MP: 0/0
   235 | D:1      | Reached XP level 2. HP: 19/21 MP: 0/0
   722 | D:1      | Reached XP level 3. HP: 19/25 MP: 0/0
   722 | D:1      | Learned a level 1 spell: Shock
   854 | D:1      | Reached skill level 4 in Spellcasting
  1652 | D:2      | Found a faded altar of an unknown god.
  1675 | D:2      | Reached XP level 4. HP: 15/31 MP: 0/0
  1989 | D:2      | Noticed Jessica
  1993 | D:2      | Killed Jessica
  2240 | D:2      | Reached XP level 5. HP: 33/35 MP: 0/0
  2240 | D:2      | Learned a level 2 spell: Blink
  2260 | D:2      | Noticed Natasha
  2266 | D:2      | Killed Natasha
  2403 | D:2      | Reached skill level 5 in Spellcasting
  2612 | D:2      | Noticed Natasha
  2615 | D:2      | Killed Natasha
  2822 | D:2      | Found a faded altar of an unknown god.
  2864 | D:2      | Noticed Natasha
  2871 | D:2      | Killed Natasha
  3050 | D:3      | Reached XP level 6. HP: 37/40 MP: 0/0
  4246 | D:3      | Found a basalt altar of Yredelemnul.
  4246 | D:3      | Found a white marble altar of Elyvilon.
  4271 | D:3      | Reached skill level 6 in Spellcasting
  4601 | D:4      | Reached XP level 7. HP: 38/45 MP: 0/0
  4601 | D:4      | Learned a level 2 spell: Corpse Rot
  4709 | D:4      | Reached skill level 1 in Fighting
  5733 | D:4      | Reached XP level 8. HP: 31/58 MP: 0/0
  6013 | D:4      | Reached skill level 5 in Fighting
  6079 | D:4      | Noticed Duvessa
  6095 | D:4      | Killed Duvessa
  6377 | D:4      | Noticed Dowan
  6397 | D:4      | Killed Dowan
  6695 | D:5      | Entered Level 5 of the Dungeon
  6711 | D:5      | Identified the +0 robe "Tecy" {+Inv rF- Str+3 Stlth+}
  6845 | D:5      | Identified the ring "Qiamiesm" {Ice Dex+4}
  7182 | D:5      | Reached skill level 5 in Dodging
  7534 | D:5      | Reached XP level 9. HP: 51/66 MP: 0/0
  7534 | D:5      | Learned a level 4 spell: Hailstorm
  7633 | D:5      | Noticed a slime creature
  7644 | D:5      | Reached skill level 1 in Evocations
  7979 | D:4      | Killed a slime creature
  8375 | D:5      | Noticed a slime creature
  8375 | D:5      | Noticed a slime creature
  8452 | D:5      | Killed a slime creature
  8638 | D:5      | Killed a slime creature
  8639 | D:5      | Reached skill level 5 in Evocations
  9232 | D:6      | Noticed Sigmund
  9244 | D:6      | Killed Sigmund
  9614 | D:6      | Found a staircase to the Ecumenical Temple.
  9623 | Temple   | Entered the Ecumenical Temple
  9669 | Temple   | Became a worshipper of Makhleb the Destroyer
  9837 | D:6      | Reached skill level 1 in Shields
  9908 | D:7      | Reached XP level 10. HP: 67/72 MP: 0/0
  9930 | D:7      | Identified the +5 falchion "Beastbane" {vorpal, rC+ Int+4}
 10337 | D:8      | Reached skill level 7 in Spellcasting
 10968 | D:8      | Reached skill level 8 in Spellcasting
 11070 | D:6      | Reached * piety under Makhleb
 11232 | D:8      | Identified 3 scrolls of acquirement
 11232 | D:8      | Acquired the +1 buckler of the Desert {Str+7}
 11253 | D:8      | Acquired 823 gold pieces
 11255 | D:8      | Acquired a manual of Slings
 11490 | D:8      | Reached skill level 9 in Spellcasting
 11564 | D:9      | Noticed a two-headed ogre
 11585 | D:9      | Killed a two-headed ogre
 11586 | D:9      | Reached XP level 11. HP: 47/76 MP: 0/0
 11586 | D:9      | Learned a level 5 spell: Silence
 11638 | D:9      | Identified the +0 chain mail of Space {Drain Str+8 Int-4
                  | Stlth+}
 12121 | D:9      | Found the ring of Shadows {Umbra +Inv Stlth+}
 12406 | D:9      | Reached skill level 5 in Invocations
 12583 | D:10     | Entered Level 10 of the Dungeon
 13132 | D:10     | Found a runed translucent door.
 13133 | D:10     | Noticed a fire crab
 13485 | D:10     | Reached ** piety under Makhleb
 13950 | D:11     | Noticed a two-headed ogre
 13961 | D:11     | Killed a two-headed ogre
 14005 | D:11     | Found a flagged portal.
 14037 | Bailey   | Entered a bailey
 14046 | Bailey   | Noticed an orc warlord
 14128 | Bailey   | Noticed an orc knight
 14170 | Bailey   | Killed an orc knight
 14308 | Bailey   | Found a runed translucent gate.
 14310 | Bailey   | Found a runed translucent gate.
 14312 | Bailey   | Found a runed translucent gate.
 14512 | Bailey   | Killed an orc warlord
 14513 | Bailey   | Reached skill level 10 in Evocations
 14513 | Bailey   | Reached skill level 1 in Slings
 14513 | Bailey   | Reached XP level 12. HP: 75/83 MP: 0/0
 14548 | Bailey   | Acquired 891 gold pieces
 14559 | Bailey   | Reached skill level 11 in Spellcasting
 14559 | Bailey   | Reached XP level 13. HP: 87/87 MP: 0/0
 14559 | Bailey   | Learned a level 5 spell: Agony
 14679 | D:11     | Found a staircase to the Lair.
 14696 | D:11     | Reached *** piety under Makhleb
 14697 | D:11     | Reached skill level 1 in Throwing
 14763 | D:11     | Found a runed translucent gate.
 14764 | D:11     | Found a runed translucent gate.
 14764 | D:11     | Found a runed translucent gate.
 14766 | D:11     | Noticed Armakuni's ghost (journeyman HuGl)
 14768 | D:11     | Identified the +1 plate armour of Tumag {rF+}
 15124 | D:11     | Killed Armakuni's ghost
 15557 | Lair:1   | Entered Level 1 of the Lair of Beasts
 15587 | Lair:1   | Reached skill level 5 in Throwing
 15796 | Lair:1   | Reached skill level 1 in Armour
 16272 | Lair:1   | Noticed a seven-headed hydra
 16282 | Lair:1   | Killed a seven-headed hydra
 16336 | Lair:1   | Identified the ring "Fiucvoix" {rElec EV+4 Str+3 Int+3
                  | SInv}
 16728 | Lair:2   | Noticed a seven-headed hydra
 16738 | Lair:2   | Killed a seven-headed hydra
 16739 | Lair:2   | Reached skill level 5 in Armour
 16822 | Lair:2   | Noticed Gastronok
 16833 | Lair:2   | Reached **** piety under Makhleb
 16879 | Lair:2   | Killed Gastronok
 17345 | Lair:2   | Reached XP level 14. HP: 82/94 MP: 0/0
 17423 | Lair:2   | Reached skill level 12 in Spellcasting
 17429 | Lair:2   | Reached skill level 1 in Long Blades
 18245 | Lair:3   | Reached skill level 5 in Long Blades
 18778 | Lair:4   | Reached ***** piety under Makhleb
 18856 | Lair:4   | Found a staircase to the Swamp.
 18858 | Lair:4   | Noticed Nergalle
 18938 | Lair:4   | Killed Nergalle
 19277 | Lair:4   | Found a staircase to the Snake Pit.
 19500 | Lair:4   | Found a runed translucent gate.
 19500 | Lair:4   | Found a runed translucent gate.
 19500 | Lair:4   | Found a runed translucent gate.
 19500 | Lair:4   | Noticed Som Pofo's ghost (journeyman DDGl)
 20518 | Lair:4   | Reached skill level 10 in Invocations
 20546 | Lair:4   | Reached XP level 15. HP: 73/98 MP: 0/0
 20546 | Lair:4   | Learned a level 6 spell: Iron Shot
 21214 | Lair:5   | Found a staircase to the Slime Pits.
 21436 | Lair:6   | Entered Level 6 of the Lair of Beasts
 21459 | Lair:6   | Found a frozen archway.
 21472 | IceCv    | Entered an ice cave
 21501 | IceCv    | Reached ****** piety under Makhleb
 21526 | IceCv    | Reached skill level 10 in Dodging
 22320 | Lair:6   | Reached skill level 10 in Fighting
 22699 | D:12     | Found a staircase to the Orcish Mines.
 22713 | D:12     | Found a blossoming altar of Fedhas.
 23349 | Orc:1    | Entered Level 1 of the Orcish Mines
 23349 | Orc:1    | Found Tanepank's Firing Range.
 23385 | Orc:1    | Bought 6 curare-tipped darts for 50 gold pieces
 23496 | Orc:1    | Reached XP level 16. HP: 109/113 MP: 0/0
 23748 | Orc:2    | Entered Level 2 of the Orcish Mines
 23751 | Orc:2    | Noticed Saint Roka
 23984 | Orc:2    | Killed Saint Roka
 24243 | Orc:1    | Noticed Snorg
 24252 | Orc:1    | Killed Snorg
 24572 | Orc:2    | Found Xourcheits's Weapon Shoppe.
 24572 | Orc:2    | Found Giury's Antique Weapon Boutique.
 24572 | Orc:2    | Found Plog's Assorted Antiques.
 24572 | Orc:2    | Found Romarax's Armour Shoppe.
 24701 | Orc:2    | Reached skill level 10 in Long Blades
 24701 | Orc:2    | Noticed Josephine
 24707 | Orc:2    | Killed Josephine
 24842 | Orc:2    | Bought a runed fustibalus for 612 gold pieces
 24842 | Orc:2    | Bought a scroll labelled SUSADGH YCHAXT for 34 gold pieces
 24905 | Orc:2    | Found a staircase to the Elven Halls.
 25669 | D:13     | Noticed Urug
 25675 | D:13     | Killed Urug
 26046 | D:13     | Reached skill level 13 in Spellcasting
 26122 | D:13     | Found a gate to the Vaults.
 26429 | D:13     | Reached XP level 17. HP: 115/119 MP: 0/0
 26429 | D:13     | Learned a level 7 spell: Summon Hydra
 27009 | D:15     | Entered Level 15 of the Dungeon
 27277 | D:15     | Found a staircase to the Depths.
 27289 | D:15     | Reached skill level 14 in Spellcasting
 27374 | D:15     | Found Tiesu's Armour Shop.
 27613 | D:15     | Found a large runed translucent door.
 27613 | D:15     | Found a large runed translucent door.
 27617 | D:15     | Noticed bluesam3's ghost (journeyman MiBe)
 27625 | D:15     | Killed bluesam3's ghost
 27629 | D:15     | Identified the amulet "Wiatopt" {Acrobat rC+ rN+ Int+3
                  | Dex+3}
 27785 | Lair:2   | Killed Som Pofo's ghost
 27864 | Snake:1  | Entered Level 1 of the Snake Pit
 29110 | Snake:1  | Found Fysofam's Book Shoppe.
 29111 | Snake:1  | Found Weemnidgh's Jewellery Shop.
 29111 | Snake:1  | Found Wesch's Jewellery Shop.
 29209 | Snake:1  | Identified the +7 flail of the Shark {freeze, rElec rC-
                  | rN+++ Str-3}
 29293 | Snake:1  | Identified the +5 quarterstaff of Jisosol {holy, rF+ Int+4}
 29770 | Snake:1  | Reached skill level 15 in Spellcasting
 29796 | Snake:1  | Noticed Agnes
 29801 | Snake:1  | Killed Agnes
 30029 | Snake:1  | Reached skill level 5 in Slings
 30625 | Snake:2  | Identified the +0 robe of the Saviour {rC+}
 30775 | Snake:2  | Reached XP level 18. HP: 124/124 MP: 0/0
 30785 | Snake:2  | Found Weget's Armour Shoppe.
 30956 | Snake:2  | Killed from afar by a shock serpent

Illustrated notes

Levels and vault maps discovered:
D:1:      mainiacjoe_arrival_reflecting_pool, layout_loops_corners,
          minmay_split_cup_large
D:2:      layout_basic, basic_ecumenical_altar, minmay_tetromino_s4,
          uniq_jessica, uniq_natasha
D:3:      layout_rooms, gammafunk_temple_overflow_claw
D:4:      layout_basic, fiery_altar_vehumet, uniq_duvessa
D:5:      cheibrodos_fertilizer, layout_loops_ring
D:6:      layout_rooms, temple_hall, uniq_sigmund
D:7:      layout_cave_pools
D:8:      layout_cave_pools, serial_column_ruins, column_ruins_grid_1,
          column_ruins_columns_corner, column_ruins_open_tiny,
          column_ruins_corridor_straight, column_ruins_open_small,
          column_ruins_columns_T, column_ruins_open_small_water
D:9:      layout_stronghold, chequers_jeans, minmay_lizard_king
D:10:     gammafunk_mikee_crab_dinner, layout_cave_pods,
          introduction_to_nature_2
D:11:     layout_roguey, david_lair_shrubbed, biasface_ghost_orc_armoury,
          enter_bailey_4, st_stairs_2
D:12:     layout_basic, orc_0_dummy, fedhas_altar_1
D:13:     layout_basic, david_vaults_5, uniq_urug
D:14:     layout_rooms, minmay_misc_feat_secret_circle
D:15:     hangedman_depths_entry_try_elsewhere_first, layout_gridville,
          serial_bayou_ford_a, ebering_ghost_disaster_area, serial_shops,
          nicolae_shop_hallway_stairs
Temple:   mainiacjoe_temple_coin_purse
Lair:1:   layout_layer_cave, ldierk_geyser
Lair:2:   layout_hall_layers, serial_bayou_pond_d, minmay_stone_trees_small,
          lemuel_fruit_fields, grunt_megastairs_3, lemuel_fruit_tree,
          lemuel_fruit_fields, uniq_gastronok
Lair:3:   layout_cave_pods, kennysheep_basilisk_garden
Lair:4:   layout_cave_pods, swamp_mist, minmay_snake_entry_six_corridors,
          special_room [special_room_mythical_zoo], gammafunk_ghost_necromancy,
          serial_bayou_pond_a, uniq_nergalle
Lair:5:   dpeg_oklob_shooting_range, layout_regular_city,
          minmay_slime_entry_oklob_open
Lair:6:   hangedman_lair_in_review, layout_big_grid,
          portal_ice_cave_demonic_guard, infiniplex_staircase_pool
Snake:1:  layout_layer_cave, grunt_megastairs_4, minmay_shop_grove, uniq_agnes
Snake:2:  layout_misc_corridors, serial_shops, shop, nicolae_lakefront_shop,
          shop, shop, uniq_kirke
Orc:1:    cheibrodos_orc_guarddog, layout_caves, nicolae_shop_firing_range,
          uniq_snorg
Orc:2:    st_orc_ogre_mass, layout_diamond_mine, uniq_josephine, uniq_saint_roka

Skill      XL: |  1  2  3  4  5  6  7  8  9 10 11 12 13 14 15 16 17 18 |
---------------+-------------------------------------------------------+-----
Spellcasting   | 4 5 6 9 11 12 13 15 | 15.0
Fighting       | 4 6 10 | 10.0
Dodging        | 5 6 10 | 10.0
Evocations     | 6 10 | 10.0
Shields        | 2 4 |  4.0
Invocations    | 3 6 10 | 10.0
Slings         | 1 7 8 |  8.4
Throwing       | 6 |  6.0
Armour         | 6 |  6.0
Long Blades    | 6 10 | 10.0
Stealth        | |  1.5

Action                   |  1- 3 |  4- 6 |  7- 9 | 10-12 | 13-15 | 16-18 || total
-------------------------+-------+-------+-------+-------+-------+-------++-------
Melee: Unarmed           |     1 |     1 |       |       |       |       ||     2
       Club              |       |     2 |     2 |       |       |       ||     4
       Falchion          |       |       |       |    21 |   200 |    69 ||   290
Throw: Boomerang         |       |       |       |       |     7 |       ||     7
       Javelin           |       |       |       |       |     5 |     2 ||     7
 Cast: Magic Dart        |    23 |     1 |       |    11 |     8 |     6 ||    49
       Searing Ray       |    27 |    65 |    80 |   166 |   181 |     2 ||   521
       Fulminant Prism   |       |       |     7 |       |     6 |       ||    13
       Iskenderun's Myst |       |       |     1 |    12 |   188 |    37 ||   238
       Hailstorm         |       |       |       |     2 |       |       ||     2
       Agony             |       |       |       |       |     4 |       ||     4
       Blink             |       |       |       |       |     1 |       ||     1
       Iron Shot         |       |       |       |       |   129 |   305 ||   434
       Summon Hydra      |       |       |       |       |       |    15 ||    15
 Abil: Evoke Invisibilit |       |       |       |       |     1 |       ||     1
Evoke: Wand              |       |       |       |     2 |     7 |       ||     9
  Use: Scroll            |       |     5 |     9 |    12 |    10 |     7 ||    43
       Potion            |       |       |       |     1 |     1 |       ||     2
 Stab: Sleeping          |       |       |       |       |     4 |       ||     4
       Paralysed         |       |       |       |       |    14 |       ||    14
       Distracted        |       |       |       |       |     1 |       ||     1
Armor: Robe              |     2 |     3 |    28 |     2 |       |       ||    35
       Steam dragon scal |       |       |       |    69 |   109 |    73 ||   251
Dodge: Dodged            |     8 |    13 |    78 |   264 |   352 |   221 ||   936
       Repelled          |       |       |       |       |    15 |     8 ||    23
Block: Buckler           |       |       |       |   102 |   137 |    77 ||   316

Table legend: (Time is in decaauts)
 A = Elapsed time spent in this place.
 B = Non-inter-level travel time spent in this place.
 C = Inter-level travel time spent in this place.
 D = Time resting spent in this place.
 E = Time spent auto-exploring this place.
 F = Levels seen in this place.
 G = Mean time per level.
                   A        B        C        D        E       F      G
               +--------+--------+--------+--------+--------+-----+--------+
         Total |  31072 |  28607 |   2465 |   7272 |  10051 |  28 | 1109.7 |
       Dungeon |  19216 |  17630 |   1586 |   5584 |   6112 |  15 | 1281.1 |
        Temple |     58 |     46 |     12 |      0 |      0 |   1 |   58.0 |
          Lair |   7359 |   6616 |    743 |    794 |   2797 |   6 | 1226.5 |
     Snake Pit |   1869 |   1825 |     44 |    413 |    595 |   2 |  934.5 |
  Orcish Mines |   1829 |   1751 |     78 |    365 |    516 |   2 |  914.5 |
        Bailey |    593 |    593 |      0 |    106 |     31 |   1 |  593.0 |
      Ice Cave |    145 |    145 |      0 |     10 |      0 |   1 |  145.0 |
               +--------+--------+--------+--------+--------+-----+--------+

Top non-repeatable levels by time:
     D:4: 3056 daAuts
     D:1: 1831 daAuts
  Lair:4: 1765 daAuts
     D:3: 1614 daAuts
     D:5: 1534 daAuts
 Snake:1: 1435 daAuts
    D:10: 1430 daAuts
  Lair:2: 1302 daAuts
    D:13: 1284 daAuts
     D:2: 1249 daAuts
  Lair:1: 1235 daAuts
     D:9: 1223 daAuts
  Lair:3: 1210 daAuts
    D:11: 1193 daAuts
  Lair:5: 988 daAuts
